 Dungeon Crawl Stone Soup version 0.29-a0-541-gaf1fc19f1b (webtiles) character file.

Game seed: 16275037572211937265

6 vulpzor the Slicer (level 1, 0/17 HPs)
             Began as a Gnoll Wanderer on June 3, 2022.
             Slain by a goblin
             ... wielding a +0 dagger
              (2 damage)
             ... on level 1 of the Dungeon.
             The game lasted 00:01:16 (129 turns).

vulpzor the Slicer (Gnoll Wanderer)                  Turns: 129, Time: 00:01:17

Health: 0/17       AC:  3    Str:  7    XL:     1   Next: 90%
Magic:  1/1        EV: 12    Int: 11    God:
Gold:   0          SH:  0    Dex: 15    Spells: 0/0 levels left

rFire   . . .      SeeInvis .   a - +2 dagger
rCold   . . .      Faith    .   (no shield)
rNeg    . . .      Spirit   .   f - +0 robe
rPois   .          Reflect  .   d - +0 helmet
rElec   .          Harm     .   (no cloak)
rCorr   .          Rampage  .   (no gloves)
Will    .....                   (no boots)
Stlth   +.........              (no amulet)
HPRegen 0.05/turn               (no ring)
MPRegen 0.07/turn               (no ring)

@: no status effects
A: fangs 1, strong nose, distributed training
a: no special abilities


You were on level 1 of the Dungeon.
You visited 1 branch of the dungeon, and saw 1 of its levels.

Inventory:

Hand Weapons
 a - a +2 dagger (weapon)
 c - a +0 short sword
Missiles
 b - 4 curare-tipped darts (quivered)
Armour
 d - a +0 helmet (worn)
 f - a +0 robe (worn)
Scrolls
 e - a scroll of vulnerability
 g - a scroll of identify {unknown}
Potions
 h - a potion of mutation {unknown}


   Skills:
 + Level 2.4 Fighting
 + Level 8.4 Short Blades
 + Level 0.2 Long Blades
 + Level 0.2 Axes
 + Level 0.2 Maces & Flails
 + Level 0.2 Polearms
 + Level 0.2 Staves
 + Level 0.2 Slings
 + Level 0.2 Bows
 + Level 0.2 Crossbows
 + Level 4.4 Throwing
 + Level 2.4 Armour
 + Level 2.4 Dodging
 + Level 0.2 Stealth
 + Level 0.2 Shields
 + Level 0.2 Unarmed Combat
 + Level 0.2 Spellcasting
 + Level 0.1 Conjurations
 + Level 0.1 Hexes
 + Level 0.1 Summonings
 + Level 0.1 Necromancy
 + Level 0.1 Translocations
 + Level 0.1 Transmutations
 + Level 0.1 Fire Magic
 + Level 0.1 Ice Magic
 + Level 0.1 Air Magic
 + Level 0.1 Earth Magic
 + Level 0.1 Poison Magic
 + Level 0.3 Invocations
 + Level 2.4 Evocations


You couldn't memorise any spells.
You didn't know any spells.
Your spell library was empty.

Dungeon Overview and Level Annotations

Branches:
Dungeon (1/15)

Altars:


Innate Abilities, Weirdness & Mutations

You have very sharp teeth.
Your uncanny sense of smell can sniff out nearby items.
Your experience applies equally to all skills.


Message History

The bat hits you but does no damage. The bat attacks as you move away!
The bat hits you but does no damage. The bat completely misses you.
The kobold closely misses you. The bat hits you but does no damage.
The gnoll attacks as you move away! The gnoll hits you with a +0 club.
The bat barely misses you. The bat barely misses you.
The bat closely misses you.
You see here a +0 short sword.
The bat attacks as you move away! The bat hits you but does no damage. x2
The bat hits you.
You hit the bat.
The bat is heavily wounded.
The bat hits you.
You hit the bat.
The bat is severely wounded.
The bat hits you. The gnoll misses you. The bat closely misses you.
You see here a +0 short sword.
You hit the gnoll but do no damage. You bite the gnoll, but do no damage.
The gnoll is lightly wounded.
The bat hits you. The gnoll barely misses you. The bat barely misses you.
You hit the gnoll.
The gnoll is moderately wounded.
The bat misses you. The gnoll barely misses you.
You hit the gnoll.
The gnoll is heavily wounded.
The bat hits you but does no damage.
You hit the gnoll.
The gnoll is heavily wounded.
The gnoll hits you with a +0 club.
* * * LOW HITPOINT WARNING * * *
You hit the gnoll. You bite the gnoll, but do no damage.
The gnoll is almost dead.
You hit the gnoll.
The gnoll is almost dead.
The gnoll barely misses you. The goblin hits you but does no damage.
You hit the gnoll.
You kill the gnoll!
The bat hits you but does no damage. The goblin hits you with a +0 dagger.
You die...

.......#....)....
.......#... .....
........) ....P.
......#.##.P....
#.†.......P. ##..........
#g....P.P.. #####
#bgK..P.P.. #...#
#@#....PPPP #...#
##.#..#.....
#...####..#..##..##
########....##......###.#
..........)....†.........
##.#####...>.#.###......
##.#########....# ..####
...........###.## .##
...........# #.# #


You could see a hobgoblin, a goblin, a bat and a kobold.

Vanquished Creatures
  A gnoll (D:1)
  2 giant cockroaches (D:1)
  A hobgoblin (D:1)
  2 kobolds (D:1)
  A rat (D:1)
7 creatures vanquished.

Notes
Turn   | Place    | Note
-------+----------+-------------------------------------------
     0 | D:1      | vulpzor the Gnoll Wanderer began the quest for the Orb.
     0 | D:1      | vulpzor set off with the following items: a +2 dagger, 4
                  | curare-tipped darts, a +0 short sword, a +0 helmet, a
                  | scroll of vulnerability, a +0 robe
     0 | D:1      | Reached XP level 1. HP: 17/17 MP: 1/1
   129 | D:1      | Slain by a goblin

Illustrated notes

Levels and vault maps discovered:
D:1:      shiori_arrival_oz, layout_rooms, ebering_ecumenical_altar_mist,
          nicolae_grassy_gnolls

Action                   || total
-------------------------++-------
Melee: Dagger            ||    27
       Bite              ||     2
 Stab: Sleeping          ||     2
Armor: Robe              ||    10
Dodge: Dodged            ||    21

Table legend: (Time is in decaauts)
 A = Elapsed time spent in this place.
 B = Non-inter-level travel time spent in this place.
 C = Inter-level travel time spent in this place.
 D = Time resting spent in this place.
 E = Time spent auto-exploring this place.
 F = Levels seen in this place.
 G = Mean time per level.
                   A        B        C        D        E       F      G
               +--------+--------+--------+--------+--------+-----+--------+
         Total |    118 |    118 |      0 |      0 |      7 |   1 |  118.0 |
       Dungeon |    118 |    118 |      0 |      0 |      7 |   1 |  118.0 |
               +--------+--------+--------+--------+--------+-----+--------+

Top non-repeatable levels by time:
     D:1: 118 daAuts
